 Dungeon Crawl Stone Soup version 0.29.1 (webtiles) character file.

Game seed: 15446905792011852999

54 raistware the Conjurer (level 3, 0/21 HPs)
             Began as an Octopode Conjurer on Sept 12, 2022.
             Slain by an orc priest
             ... wielding a +0 club
              (2 damage)
             ... on level 2 of the Dungeon.
             The game lasted 00:02:27 (1235 turns).

raistware the Conjurer (Octopode Conjurer)          Turns: 1235, Time: 00:02:28

Health: 0/21       AC:  1    Str:  6    XL:     3   Next: 91%
Magic:  3/8        EV: 13    Int: 22    God:
Gold:   68         SH:  0    Dex: 10    Spells: 8/9 levels left

rFire   . . .      SeeInvis .   d - staff of death
rCold   . . .      Faith    .   (no shield)
rNeg    + . .      Spirit   .   (helmet restricted)
rPois   .          Reflect  .   (no amulet)
rElec   .          Harm     .   (no ring)
rCorr   .          Rampage  .   (no ring)
Will    .....                   (no ring)
Stlth   +++.......              (no ring)
HPRegen 0.07/turn               (no ring)
MPRegen 0.11/turn               (no ring)
                                (no ring)
                                (no ring)

@: no status effects
A: almost no armour, amphibious, 8 rings, camouflage 1, gelatinous body 1,
(nimble swimmer 1), tentacles
a: no special abilities


You were on level 2 of the Dungeon.
You visited 1 branch of the dungeon, and saw 2 of its levels.

You collected 68 gold pieces.

Inventory:

Magical Staves
 d - a staff of death (weapon)
Wands
 i - a wand of light (8)
Scrolls
 c - a scroll of fog {unknown}
 f - a scroll of identify {unknown}
 g - a scroll of enchant armour {unknown}
 h - a scroll of fear {unknown}
Potions
 a - a potion of magic
 b - a potion of curing {unknown}
 e - a potion of haste {unknown}


   Skills:
 - Level 2.0 Dodging
 - Level 2.6 Stealth
 + Level 3.8 Spellcasting
 - Level 4.0 Conjurations


You had 8 spell levels left.
You knew the following spells:

 Your Spells              Type           Power      Damage    Failure   Level
a - Magic Dart            Conj           84%        1d7       2%          1

Your spell library contained the following spells:

 Spells                   Type           Power      Damage    Failure   Level
 Searing Ray              Conj           42%        2d6       3%          2
 Dazzling Flash           Conj/Hex       26%        N/A       16%         3
 Fulminant Prism          Conj/Hex       6%         3d7       45%         4
 Iskenderun's Mystic Bla  Conj/Tloc      13%        2d5       45%         4


Dungeon Overview and Level Annotations

Branches:
Dungeon (2/15)

Altars:


Innate Abilities, Weirdness & Mutations

You cannot wear most types of armour.
You are amphibious.
You can wear up to eight rings at the same time.
Your skin changes colour to match your surroundings (Stealth+).
Your rubbery body absorbs attacks. (AC +1, EV +1)
((You are camouflaged when in or above water. (Stealth+)))
You have tentacles for arms and can constrict up to eight enemies at once.


Message History

You don't know that spell.
Casting: Magic Dart (safe; 2% risk of failure)
Confirm with . or Enter, or press ? or * to list all spells.
You don't know that spell.
Casting: Magic Dart (safe; 2% risk of failure)
Confirm with . or Enter, or press ? or * to list all spells.
You don't know that spell.
Unknown command.
Okay, then.
Aiming: Bolt of Light
Press: ? - help, Shift-Dir - straight line, f - orc wizard, p - orc priest
Aim: an orc wizard, wielding a +0 dagger and wearing a +0 robe (severely wounded, blind, 64% to hit)
The bolt of light hits the orc priest.
The orc priest is almost dead.
The bolt of light hits the orc wizard!
You kill the orc wizard!
The orc priest hits you with a +0 club.
* * * LOW HITPOINT WARNING * * *
You hit the orc priest but do no damage.
Your grab misses the orc priest.
The orc priest is almost dead.
The orc priest hits you with a +0 club.
* * * LOW HITPOINT WARNING * * *
Casting: Magic Dart (safe; 2% risk of failure)
Confirm with . or Enter, or press ? or * to list all spells.
Aiming: Magic Dart (safe; 2% risk of failure)
Press: ? - help, Shift-Dir - straight line, f - orc priest
Aim: an orc priest, wielding a +0 club and wearing a +0 ring mail (almost dead, blind, 100% to hit)
The magic dart hits the orc priest but does no damage.
The orc priest is almost dead.
The orc priest looks braver for a moment.
Casting: Magic Dart (safe; 2% risk of failure)
Confirm with . or Enter, or press ? or * to list all spells.
Aiming: Magic Dart (safe; 2% risk of failure)
Press: ? - help, Shift-Dir - straight line, f/p - orc priest
Aim: an orc priest, wielding a +0 club and wearing a +0 ring mail (almost dead, blind, 100% to hit)
The magic dart hits the orc priest but does no damage.
The orc priest is almost dead.
The orc priest hits you with a +0 club.
You die...

....?..++# #.#
# .....##.###.#
# .).##...##.#
# ##'##..⌠..'.#
#
##...##...##.#
#
##...).##.###.#
# #.......#'#
#.# #
##..o..##.###.#
#
##.@.###.....#
# ##'####.###.#
# #......#
#.#######
########
#........
#########


You could see an orc priest (blind).

Vanquished Creatures
  An orc wizard (D:2)
  An adder (D:2)
  An orc (D:2)
  A ball python (D:1)
  3 endoplasms
  A goblin (D:1)
  2 hobgoblins
  3 jackals (D:1)
  A kobold (D:1)
  2 quokkas (D:2)
  A bat (D:1)
17 creatures vanquished.

Notes
Turn   | Place    | Note
-------+----------+-------------------------------------------
     0 | D:1      | raistware the Octopode Conjurer began the quest for the
                  | Orb.
     0 | D:1      | Reached XP level 1. HP: 11/11 MP: 3/3
   443 | D:1      | Reached XP level 2. HP: 17/17 MP: 1/5
  1022 | D:2      | Reached XP level 3. HP: 21/21 MP: 2/7
  1235 | D:2      | Slain by an orc priest

Illustrated notes

Levels and vault maps discovered:
D:1:      lightli_molten_gateway, layout_loops_ring
D:2:      layout_basic, hellmonk_ecumenical_altar_prayer_group,
          grunt_ministairs_12, nrook_loot_triangle, nicolae_hexahallways

Skill      XL: |  1  2 |
---------------+-------+-----
Spellcasting   | 3 |  3.8
Dodging        | |  2.0
Stealth        | |  2.6
Conjurations   | |  4.0

Action                   || total
-------------------------++-------
Melee: Staff             ||    16
       Tentacles         ||     2
       Constrict         ||     3
 Cast: Magic Dart        ||    28
Evoke: Wand              ||     2
 Stab: Sleeping          ||     4
Dodge: Dodged            ||    11
